 Dungeon Crawl Stone Soup version 0.17.1-3-g152610e (webtiles) character file.

106 Heskey the Skirmisher (level 4, -1/35 HPs)
             Began as a Demonspawn Gladiator on Mar 24, 2016.
             Slain by Heskey's ghost (8 damage)
             ... on level 3 of the Dungeon.
             The game lasted 00:04:10 (3037 turns).

Heskey the Skirmisher (Demonspawn Gladiator)        Turns: 3037, Time: 00:04:10

Health: -1/35      AC:  5    Str: 16    XL:     4   Next: 55%
Magic:  0/4        EV:  7    Int:  9    God:
Gold:   95         SH:  0    Dex: 16    Spells: 0 memorised, 3 levels left

rFire  . . .     SeeInvis .     a - +0 war axe
rCold  . . .     Clarity  .     p - +0 ring mail
rNeg   . . .     SustAt   .     (no shield)
rPois  .         Gourm    .     (helmet restricted)
rElec  .         Spirit   +     (no cloak)
rCorr  .         Warding  .     (no gloves)
rMut   .         Stasis   .     (no boots)
MR     .....                    (no amulet)
Stlth  +.........               (no ring)
                                (no ring)

@: not resistant to hostile enchantments, very unstealthy
A: fangs 1, horns 1, thin skeletal structure 1, magic shield
a: no special abilities


You were on level 3 of the Dungeon.
You were not hungry.

You visited 1 branch of the dungeon, and saw 3 of its levels.

You collected 95 gold pieces.

Inventory:

Hand Weapons
 a - a +0 war axe (weapon)
Missiles
 d - 4 throwing nets (quivered)
Armour
 c - a +0 helmet
 p - a +0 ring mail (worn)
Scrolls
 f - a scroll of immolation {unknown}
 g - 2 scrolls of remove curse {unknown}
 j - 3 scrolls of recharging {unknown}
 k - a scroll of blinking {unknown}
 l - a scroll of noise {unknown}
 o - 3 scrolls of fear {unknown}
Comestibles
 e - 3 bread rations
 h - 2 meat rations


   Skills:
 * Level 3.2 Fighting
 + Level 3.1 Axes
 + Level 2.5 Throwing
 * Level 2.0 Armour
 - Level 2.6 Dodging


You had 3 spell levels left.
You didn't know any spells.

Dungeon Overview and Level Annotations

Branches:
Dungeon (3/15)

Altars:
Qazlal

Annotations:
D:3 Heskey's ghost, amateur OgBe


Innate Abilities, Weirdness & Mutations

You have a pair of small horns on your head.
You have a somewhat thin skeletal structure (Dex +2, Stealth).
When hurt, damage is shared between your health and your magic reserves.
You have very sharp teeth.


Message History

You are feeling hungry.
You start resting.
HP restored.
Eat which item? (? for menu, Esc to quit)
That beef jerky was delicious!
You climb downwards.
Level annotation: Heskey's ghost, amateur OgBe Heskey's ghost hits you!
There is a stone staircase leading up, spattered with blood here.
You slash Heskey's ghost!
Heskey's ghost is lightly damaged.
Heskey's ghost hits you. x2
You slash Heskey's ghost!
You headbutt Heskey's ghost, but do no damage.
Heskey's ghost is moderately damaged.
Heskey's ghost hits you!
* * * LOW HITPOINT WARNING * * *
You are too injured to fight recklessly!
Heskey's ghost hits you!
You die...

. ### #. ##.# #.. ..# ..#
#.# #.##.########## #.##
#.#......)...# ###.#.#
##........##.# ......#
#@..#####.##.### #..
..#..W.# #.##...# ...
#.###.#####l####.#
##.###......l.....##.#
##...##.##.##.####.##.#
#...>.W.#...#.# #.##.#
#.....#.#...#.####.##.##
#..#..###...........##..##
##.... ##.#.#.###..##..†#


You could see Heskey's ghost.

Vanquished Creatures
  A worker ant (D:2)
  3 adders
  2 giant geckos (D:1)
  7 bats
  3 giant cockroaches
  6 hobgoblins
  6 jackals
  5 kobolds
  3 giant newts
  11 goblins
  5 rats
52 creatures vanquished.

Notes
Turn   | Place    | Note
--------------------------------------------------------------
     0 | D:1      | Heskey the Demonspawn Gladiator began the quest for the Orb.
     0 | D:1      | Reached XP level 1. HP: 16/16 MP: 1/1
    30 | D:1      | Gained mutation: When hurt, damage is shared between your health and your magic reserves. [demonic ancestry]
    30 | D:1      | Reached XP level 2. HP: 6/23 MP: 2/2
   538 | D:1      | Reached skill level 1 in Armour
   924 | D:1      | Gained mutation: You have a pair of small horns on your head. [demonic ancestry]
   924 | D:1      | Reached XP level 3. HP: 20/28 MP: 1/3
  1302 | D:2      | Found a stormy altar of Qazlal.
  1834 | D:3      | Reached skill level 3 in Fighting
  1861 | D:3      | Gained mutation: You have a somewhat thin skeletal structure (Dex +2, Stealth). [demonic ancestry]
  1861 | D:3      | Reached XP level 4. HP: 26/35 MP: 4/4
  1883 | D:3      | Noticed Heskey's ghost (amateur OgBe)
  2338 | D:2      | Gained mutation: You have very sharp teeth. [potion of beneficial mutation]
  3037 | D:3      | Slain by Heskey's ghost

Action                   |  1- 3 |  4- 6 || total
-------------------------+-------+-------++-------
Melee: War axe           |   128 |    23 ||   151
  Use: Potion            |       |     3 ||     3
  Eat: Meat ration       |     1 |       ||     1
       Chunk             |     1 |       ||     1
       Beef jerky        |       |     1 ||     1
